 Dungeon Crawl Stone Soup version 0.30-a0-1163-gf69bf04e7a (webtiles) character file.

Game seed: 4559960446511669239

1024 voltaire321 the Sneak (level 8, -11/46 HPs)
             Began as a Kobold Enchanter on Apr 27, 2023.
             Was an Initiate of Gozag.
             Mangled by Duvessa
             ... wielding a +8 short sword of speed
              (14 damage)
             ... on level 5 of the Dungeon on Apr 28, 2023.
             The game lasted 00:21:12 (5369 turns).

voltaire321 the Sneak (Kobold Enchanter)            Turns: 5369, Time: 00:21:13

Health: -11/46     AC:  3    Str: 13    XL:     8   Next: 46%
Magic:  9/13       EV: 16    Int: 17    God:    Gozag
Gold:   493        SH:  0    Dex: 15    Spells: 3/13 levels left

rFire   . . .        m - +1 dagger (venom)
rCold   . . .        (no shield)
rNeg    . . .        b - +0 robe
rPois   .            (no helmet)
rElec   .            (no cloak)
rCorr   .            n - +0 pair of gloves
SInv    .            (no boots)
Will    .....        g - amulet of magic regeneration
Stlth   +++++        h - ring of wizardry
HPRegen 0.27/turn    x - +6 ring of strength
MPRegen 0.53/turn

%: wizardry (x1)
@: gold aura
A: small, no large weapons, nightstalker 3
a: Renounce Religion, Potion Petition, Call Merchant, Bribe Branch


You were on level 5 of the Dungeon.
You worshipped Gozag.
Gozag was aware of your devotion.
You visited 2 branches of the dungeon, and saw 7 of its levels.
You also visited: Ossuary.

You collected 564 gold pieces.
You paid 71 gold pieces to Gozag.

Inventory:

Hand Weapons
 a - a +1 dagger
 m - a +1 dagger of venom (weapon)
Missiles
 t - a throwing net
Armour
 b - a +0 robe (worn)
 n - a +0 pair of gloves (worn)
Jewellery
 g - an amulet of magic regeneration (around neck)
 h - a ring of wizardry (left hand)
 x - a +6 ring of strength (right hand)
 y - a ring of resist corrosion
Scrolls
 f - 2 scrolls of teleportation {unknown}
 i - 2 scrolls of fog {unknown}
 k - a scroll of fear {unknown}
 o - 2 scrolls of noise {unknown}
 p - 8 scrolls of identify {unknown}
 u - a scroll of enchant weapon {unknown}
 w - a scroll of enchant armour {unknown}
Potions
 c - 5 potions of invisibility
 d - a potion of ambrosia {unknown}
 e - 2 potions of lignification {unknown}
 j - 3 potions of berserk rage {unknown}
 l - 2 potions of heal wounds {unknown}
 q - a potion of flight {unknown}
 r - 2 potions of curing {unknown}
 s - 2 potions of attraction {unknown}
 v - a potion of haste {unknown}


   Skills:
 + Level 3.0 Fighting
 + Level 3.9 Short Blades
 + Level 2.2 Armour
 + Level 4.3 Dodging
 * Level 7.2 Stealth
 + Level 3.4 Spellcasting
 + Level 1.6 Conjurations
 + Level 4.3 Hexes
 + Level 1.5 Summonings
 - Level 2.0 Ice Magic


You had 3 spell levels left.
You knew the following spells:

 Your Spells              Type           Power      Damage    Failure   Level
a - Ensorcelled Hibernat  Hex/Ice        26%        N/A       2%          2
b - Tukima's Dance        Hex            17%        N/A       3%          3
c - Searing Ray           Conj           16%        2d5       5%          2
d - Call Canine Familiar  Summ           8%         N/A       11%         3

Your spell library contained the following spells:

 Spells                   Type           Power      Damage    Failure   Level
 Magic Dart               Conj           32%        1d4       3%          1
 Confusing Touch          Hex            17%        N/A       3%          3
 Dazzling Flash           Conj/Hex       26%        N/A       6%          3
 Gell's Gravitas          Tloc           2%         N/A       21%         3
 Teleport Other           Tloc           2%         N/A       21%         3
 Fulminant Prism          Conj/Hex       6%         3d7       19%         4
 Silence                  Hex/Air        5%         N/A       56%         5
 Dispersal                Tloc           1%         N/A       100%        6
 Malign Gateway           Summ/Tloc      2%         N/A       100%        7


Dungeon Overview and Level Annotations

Branches:
Dungeon (6/15)             Temple (1/1) D:4         Ossuary (visited)

Altars:
Cheibriados
Dithmenos
Fedhas
Gozag
Hepliaklqana
Makhleb
Nemelex Xobeh
Okawaru
Ru
Sif Muna
Trog
Uskayaw
Vehumet
Xom
Yredelemnul
The Shining One

Shops:
D:2 :   D:3 :

Annotations:
D:5 Duvessa


Innate Abilities, Weirdness & Mutations

You are small and have problems with some larger weapons.
You are completely attuned to the shadows.


Message History

There is a stone staircase leading down here.
You climb downwards.
The adder hisses angrily.
Dowan shouts!
The orc shouts!
Found 4 boomerangs and a glowing ring mail.
There is a stone staircase leading up here.
Dowan hits you but does no damage.
Duvessa hits you with a +8 short sword of speed!
You climb upwards.
There is a stone staircase leading down here.
Aiming: Ensorcelled Hibernation (safe; 2% risk of failure)
Press: ? - help, Q - select action, (/) - cycle Shift-Dir - straight line, f - Dowan
Aim: Dowan, wielding a +0 dagger and wearing a +0 robe (chance to affect: 47%) Dowan resists with some effort.
Duvessa roars, "You can run, but you cannot escape us forever!"
Duvessa closely misses you. Dowan hits you with a +0 dagger.
Aiming: Ensorcelled Hibernation (safe; 2% risk of failure)
Press: ? - help, Q - select action, (/) - cycle Shift-Dir - straight line, f/p - Dowan
Aim: Dowan, wielding a +0 dagger and wearing a +0 robe (chance to affect: 47%) Dowan looks drowsy...
Duvessa completely misses you. Duvessa barely misses you.
The helpless Dowan fails to defend himself.
You stick Dowan like a pincushion!!!
You kill Dowan!
Duvessa screams, "No!
How DARE you!"
Duvessa goes berserk!
Duvessa hits you with a +8 short sword of speed.
Aiming: Ensorcelled Hibernation (safe; 2% risk of failure)
Press: ? - help, Q - select action, (/) - cycle Shift-Dir - straight line, f - you That would be overly suicidal.
Okay, then.
Aiming: Ensorcelled Hibernation (safe; 2% risk of failure)
Press: ? - help, Q - select action, (/) - cycle Shift-Dir - straight line, f - Duvessa
Aim: Duvessa, wielding a +8 short sword of speed and wearing a +0 leather armour (berserk, not susceptible) Duvessa is unaffected.
Duvessa hits you with a +8 short sword of speed!!
Ouch! That really hurt!
* * * LOW HITPOINT WARNING * * *
Duvessa hits you with a +8 short sword of speed!
You die...
Your body crumbles into a pile of gold.

#...........#
###..........####..
#...........###............#
###
...........................#
#
...........##..............#
##.........##..............#
...#....#####..............#
.######## ##.............#
## ##..$e.........# #
#...@..........#
##............##
#............#
#............#
#...........## ##.........##
#### #.........# ##.☼§.
#........## #..○§§
##......## ###..☼§.


You could see Duvessa (berserk).

Vanquished Creatures
  An ice beast (D:5)
  An ogre (D:3)
  A kobold brigand (D:5)
  A scorpion (D:5)
  Dowan (D:5)
  A crimson imp (D:4)
  2 centaur zombies (Ossuary)
  5 orc priests
  A mummy (Ossuary)
  Jessica (D:2)
  An iguana (D:5)
  An orc wizard (D:4)
  Robin (D:2)
  6 gnolls
  12 adders
  A white imp (D:4)
  An ufetubus (D:5)
  A worm (D:5)
  2 dart slugs
  19 orcs
  6 ball pythons
  2 endoplasms
  2 giant cockroaches
  25 goblins
  10 hobgoblins
  2 jackals (D:5)
  7 bats
  5 frilled lizards
  6 kobolds
  7 rats
132 creatures vanquished.

Vanquished Creatures (others)
  2 demonic plants (D:1)
  4 withered plants (Ossuary)
6 creatures vanquished.

Grand Total: 138 creatures vanquished

Notes
Turn   | Place    | Note
-------+----------+-------------------------------------------
     0 | D:1      | voltaire321 the Kobold Enchanter began the quest for the
                  | Orb.
     0 | D:1      | Reached XP level 1. HP: 10/10 MP: 3/3
   157 | D:1      | Reached XP level 2. HP: 15/15 MP: 5/5
   426 | D:1      | Learned a level 2 spell: Ensorcelled Hibernation
   430 | D:1      | Noticed an Ice Fiend
   435 | D:1      | Found a faded altar of an unknown god.
   639 | D:1      | Got the Compilation of Allied Bad Luck
   837 | D:2      | Noticed Robin
   964 | D:2      | Reached XP level 3. HP: 20/20 MP: 6/6
  1171 | D:2      | Noticed Jessica
  1175 | D:2      | Killed Jessica
  1176 | D:2      | Reached skill level 1 in Fighting
  1176 | D:2      | Reached XP level 4. HP: 25/25 MP: 7/7
  1223 | D:2      | Found Lohesm's Book Shop.
  1272 | D:2      | Killed Robin
  1288 | D:2      | Reached skill level 5 in Stealth
  1358 | D:2      | Reached XP level 5. HP: 23/29 MP: 1/8
  1895 | D:3      | Noticed an ogre
  1946 | D:3      | Killed an ogre
  1947 | D:3      | Reached skill level 1 in Armour
  1947 | D:3      | Reached skill level 1 in Ice Magic
  1947 | D:3      | Reached XP level 6. HP: 6/35 MP: 8/10
  2701 | D:3      | Found Zempi's Book Boutique.
  3085 | D:4      | Found a staircase to the Ecumenical Temple.
  3093 | Temple   | Entered the Ecumenical Temple
  3391 | Temple   | Became a worshipper of Gozag Ym Sagoz the Greedy
  3570 | D:4      | Found a blossoming altar of Fedhas.
  3576 | D:4      | Reached skill level 6 in Stealth
  3576 | D:4      | Reached XP level 7. HP: 37/40 MP: 7/11
  3703 | D:4      | Found a burning altar of Makhleb.
  3703 | D:4      | Found a radiant altar of Vehumet.
  3717 | D:4      | Upgraded the game from 0.30-a0-1161-g0704695555 to
                  | 0.30-a0-1163-gf69bf04e7a
  3721 | D:4      | Learned a level 3 spell: Tukima's Dance
  3724 | D:4      | Learned a level 2 spell: Searing Ray
  3728 | D:4      | Learned a level 3 spell: Call Canine Familiar
  3872 | D:5      | Entered Level 5 of the Dungeon
  3900 | D:5      | Found a large runed translucent door.
  3900 | D:5      | Found a large runed translucent door.
  3968 | D:5      | Found a sand-covered staircase.
  3974 | Ossuary  | Entered an ossuary
  4433 | D:5      | Reached skill level 1 in Summonings
  4559 | D:5      | Reached skill level 1 in Conjurations
  4559 | D:5      | Reached XP level 8. HP: 45/45 MP: 12/12
  4609 | D:5      | Reached skill level 7 in Stealth
  5191 | D:5      | Found a shimmering altar of Xom.
  5363 | D:6      | Noticed Duvessa
  5363 | D:6      | Noticed Dowan
  5368 | D:5      | Killed Dowan
  5369 | D:5      | Mangled by Duvessa

Illustrated notes

Levels and vault maps discovered:
D:1:      sevenhm_arrival_forest_fort_small_4, layout_basic,
          dreamdust_ecumenical_altar_sealed_demon
D:2:      cheibrodos_greedy_goblins, layout_basic, serial_shops, shop,
          minmay_tetromino_s2, uniq_jessica, uniq_robin
D:3:      layout_basic, serial_shops, shop, minmay_ogre_servants
D:4:      layout_rooms, mainiacjoe_overflow_alcove_1,
          grunt_temple_overflow_lords_of_destruction, minmay_temple_entry_waves
D:5:      due_chaos_kobolds, layout_cave_pods, nicolae_ossuary_entry_plus,
          lemuel_flame_loot_1
D:6:      layout_loops_corners, nicolae_fountain_basement, uniq_pikel,
          uniq_duvessa
Temple:   compressed_dpeg_triangle_lava_temple

Skill      XL: |  1  2  3  4  5  6  7  8 |
---------------+-------------------------+-----
Fighting       | 1 2 3 |  3.0
Short Blades   | 2 3 |  3.9
Stealth        | 5 6 7 |  7.2
Dodging        | 3 4 |  4.3
Armour         | 1 2 |  2.2
Ice Magic      | 1 2 |  2.0
Spellcasting   | 3 |  3.4
Hexes          | 4 |  4.3
Summonings     | 1 |  1.5
Conjurations   | 1 |  1.6

Action                     |  1- 3 |  4- 6 |  7- 9 || total
---------------------------+-------+-------+-------++-------
  Melee: Dagger            |    50 |   151 |    81 ||   282
         Punch             |       |     3 |       ||     3
   Cast: Ensorcelled Hiber |     8 |    32 |    35 ||    75
         Searing Ray       |       |       |     7 ||     7
   Stab: Sleeping          |    16 |    31 |    23 ||    70
         Distracted        |       |       |     1 ||     1
 Armour: Robe              |     3 |    28 |    18 ||    49
  Dodge: Dodged            |    35 |    90 |    96 ||   221

Table legend: (Time is in decaauts)
 A = Elapsed time spent in this place.
 B = Non-inter-level travel time spent in this place.
 C = Inter-level travel time spent in this place.
 D = Time resting spent in this place.
 E = Time spent auto-exploring this place.
 F = Levels seen in this place.
 G = Mean time per level.
                   A        B        C        D        E       F      G
               +--------+--------+--------+--------+--------+-----+--------+
         Total |   5351 |   5048 |    303 |    665 |   3207 |   8 |  668.9 |
       Dungeon |   4943 |   4655 |    288 |    639 |   2960 |   6 |  823.8 |
        Temple |    314 |    299 |     15 |      0 |    247 |   1 |  314.0 |
       Ossuary |     92 |     92 |      0 |     26 |      0 |   1 |   92.0 |
               +--------+--------+--------+--------+--------+-----+--------+

Top non-repeatable levels by time:
     D:5: 1402 daAuts
     D:3: 1013 daAuts
     D:2: 963 daAuts
     D:1: 896 daAuts
     D:4: 666 daAuts
  Temple: 314 daAuts
 Ossuary: 92 daAuts
     D:6: 1 daAuts
